 Dungeon Crawl Stone Soup version 0.28.0 (webtiles) character file.

Game seed: 322272946636211024

119 Cykl0x the Digger (level 5, -2/29 HPs)
             Began as a Gargoyle Earth Elementalist on Feb 7, 2022.
             Slain by an ufetubus (3 damage)
             ... on level 4 of the Dungeon.
             The game lasted 00:05:44 (2785 turns).

Cykl0x the Digger (Gargoyle Earth Elementalist)     Turns: 2785, Time: 00:05:45

Health: -2/29      AC:  9    Str: 11    XL:     5   Next: 3%
Magic:  5/8        EV: 10    Int: 18    God:
Gold:   86         SH:  0    Dex: 10    Spells: 5/9 levels left

rFire   . . .      SeeInvis .   g - +0 dagger
rCold   . . .      Faith    .   (no shield)
rNeg    + . .      Spirit   .   e - +0 ring mail
rPois   ∞          Reflect  .   (no helmet)
rElec   +          Harm     .   (no cloak)
rCorr   .          Rampage  .   (no gloves)
Will    .....                   (no boots)
Stlth   +.........              (no amulet)
HPRegen 0.09/turn               (no ring)
MPRegen 0.11/turn               (no ring)

@: no status effects
A: sickness immunity, AC +4, negative energy resistance 1, electricity
resistance, torment resistance 1, petrification resistance
a: no special abilities


You were on level 4 of the Dungeon.
You visited 1 branch of the dungeon, and saw 5 of its levels.

You collected 86 gold pieces.

Inventory:

Hand Weapons
 g - a +0 dagger (weapon)
Armour
 b - a +0 robe
 e - a +0 ring mail (worn)
Jewellery
 c - an amulet of faith
Potions
 a - a potion of attraction {unknown}


   Skills:
 * Level 1.4 Fighting
 * Level 1.3 Long Blades
 * Level 1.5 Armour
 + Level 1.7 Dodging
 - Level 2.1 Stealth
 + Level 2.5 Spellcasting
 * Level 1.5 Conjurations
 + Level 0.7 Transmutations
 + Level 4.5 Earth Magic


You had 5 spell levels left.
You knew the following spells:

 Your Spells              Type           Power      Damage    Failure   Level
a - Sandblast             Erth           36%        2d10      6%          1
b - Stone Arrow           Conj/Erth      26%        3d8       34%         3

Your spell library contained the following spells:

 Spells                   Type           Power      Damage    Failure   Level
 Passwall                 Tmut/Erth      9%         N/A       21%         2
 Blink                    Tloc           4%         N/A       52%         2
 Lesser Beckoning         Tloc           2%         N/A       77%         3
 Petrify                  Tmut/Erth      11%        N/A       80%         4
 Manifold Assault         Tloc           2%         N/A       100%        5


Dungeon Overview and Level Annotations

Branches:
Dungeon (5/15)
 Temple: D:4-7

Altars:


Innate Abilities, Weirdness & Mutations

You are immune to sickness and miasma.
Your stone body is resilient. (AC +4)
You are immune to poison.
You resist negative energy. (rN+)
You are resistant to electric shocks. (rElec)
You are resistant to unholy torment.
You are immune to petrification.


Message History

The ufetubus barely misses you. The ufetubus hits you. x2
* * * LOW HITPOINT WARNING * * *
Found a scroll labelled BOUQUWKATI and a trident.
The ufetubus hits you but does no damage. x2
There is a stone staircase leading up here.
The ufetubus hits you but does no damage. x2
You climb upwards.
You hear the sound of rushing water.
There is an entrance to a sewer on this level.
Hurry and find it before the portal rusts away!
Found 25 stones.
There is a stone staircase leading down here.
The ufetubus hits you but does no damage. x2
The ufetubus barely misses you.
The ufetubus hits you but does no damage.
The goblin hits you but does no damage.
Your magical contamination has completely faded away.
The ufetubus hits you but does no damage.
The ufetubus hits you.
* * * LOW HITPOINT WARNING * * *
Found an escape hatch in the ceiling.
The ufetubus misses you. The ufetubus barely misses you.
You feel better. The ufetubus hits you. The ufetubus closely misses you.
Found a club.
The ufetubus hits you. The ufetubus misses you.
The ufetubus hits you but does no damage.
The ufetubus barely misses you. The ufetubus hits you.
* * * LOW HITPOINT WARNING * * *
The ufetubus barely misses you. The ufetubus misses you.
The ufetubus barely misses you. The ufetubus barely misses you.
The ufetubus hits you.
* * * LOW HITPOINT WARNING * * *
The goblin hits you with a +0 club.
* * * LOW HITPOINT WARNING * * *
The ufetubus hits you but does no damage. x2
The goblin hits you but does no damage.
The ufetubus hits you but does no damage. x2
The goblin closely misses you. The ufetubus barely misses you.
The ufetubus hits you but does no damage.
The ufetubus hits you.
You die...

#..).## .<.....
#.....
.........#....#
##........#....#
.........##....#
.........##....##
.........##.....#
#.......##.....+
#....(...@5....#
#.......##g....#
#........#####.#
#........# ###
#.....>.##
#........#
#........#
#........#
#.......##


You could see an ufetubus and a goblin.

Vanquished Creatures
  Jessica (D:2)
  4 adders (D:2)
  A white imp (D:5)
  A worm (D:2)
  2 dart slugs
  5 bats
  3 endoplasms
  3 goblins
  5 hobgoblins
  3 kobolds
  4 quokkas
  A ball python (D:2)
  4 frilled lizards
  7 rats
44 creatures vanquished.

Notes
Turn   | Place    | Note
-------+----------+-------------------------------------------
     0 | D:1      | Cykl0x the Gargoyle Earth Elementalist began the quest for
                  | the Orb.
     0 | D:1      | Reached XP level 1. HP: 10/10 MP: 3/3
   252 | D:1      | Reached XP level 2. HP: 16/16 MP: 3/5
   553 | D:1      | Reached skill level 1 in Conjurations
   588 | D:1      | Found a faded altar of an unknown god.
  1010 | D:2      | Reached XP level 3. HP: 20/20 MP: 3/6
  1146 | D:2      | Reached skill level 1 in Fighting
  1146 | D:2      | Reached skill level 1 in Long Blades
  1213 | D:2      | Learned a level 3 spell: Stone Arrow
  1579 | D:2      | Reached skill level 4 in Earth Magic
  1677 | D:2      | Reached skill level 1 in Armour
  1677 | D:2      | Reached XP level 4. HP: 25/25 MP: 4/7
  2186 | D:2      | Noticed Jessica
  2193 | D:2      | Killed Jessica
  2659 | D:3      | You fall into a shaft and drop 2 floors!
  2659 | D:5      | Entered Level 5 of the Dungeon
  2722 | D:5      | Noticed a necrophage
  2724 | D:5      | Reached XP level 5. HP: 22/29 MP: 1/8
  2781 | D:4      | HP: 1/29 [goblin (4)]
  2785 | D:4      | Slain by an ufetubus

Illustrated notes

Levels and vault maps discovered:
D:1:      heliophobic_arrival_henge, layout_basic,
          dreamdust_ecumenical_altar_statues, kennysheep_decorative_pillar
D:2:      layout_basic, minmay_misc_feat_x, grunt_ministairs_3,
          interstate_on_off, minmay_misc_feat_pillars, uniq_jessica
D:3:      layout_basic, gammafunk_ghost_mausoleum, uniq_robin
D:4:      layout_gridville, minmay_temple_entry_tees, portal_sewer_entry_f,
          hangedman_abyss_or_decor_stagger, lemuel_flame_loot_1
D:5:      layout_rooms, mainiacjoe_overflow_alcove_4, kennysheep_mini,
          mainiacjoe_overflow_alcove_2

Skill      XL: |  1  2  3 |
---------------+----------+-----
Conjurations   | 1 |  1.5
Fighting       | 1 |  1.4
Long Blades    | 1 |  1.3
Earth Magic    | 4 |  4.5
Armour         | 1 |  1.5
Dodging        | |  1.7
Stealth        | |  2.1
Spellcasting   | |  2.5
Transmutations | |  0.7

Action                   |  1- 3 |  4- 6 || total
-------------------------+-------+-------++-------
Melee: Dagger            |    11 |    30 ||    41
 Cast: Sandblast         |    50 |       ||    50
       Stone Arrow       |       |     9 ||     9
  Use: Scroll            |     3 |       ||     3
       Potion            |       |     1 ||     1
Armor: Ring mail         |    14 |    39 ||    53
Dodge: Dodged            |    15 |    43 ||    58
